Map: Fracture LE

Players

HeroMarine

  • Race: Terran Terran
  • Spawn Location: 11:00

TIME (Oliveira) - Winner!

  • Race: Terran Terran
  • Spawn Location: 5:00

Event: WCS Montreal 2018

VOD

Have the link to the VOD?

Description

Time

  • Played on: Sept. 9, 2018, 11:53 a.m.
  • Length: 6:10

All games in this series

Show
View Real Time Build Order
Export as new Build Order

HeroMarine Terran 

Build Orders: Cyclone Opening 

Get SALT Encoding   

  12  0:00  SCV  
  13  0:12  SCV  
  14  0:17  Supply Depot  
  14  0:24  SCV  
  14  0:27  Refinery  
  15  0:39  SCV  
  16  0:44  Barracks  
  16  0:51  SCV  
  16  0:54  Refinery  
  17  1:03  SCV  
  18  1:15  SCV  
  19  1:30  Orbital Command  
  19  1:31  Factory  
  19  1:34  Reaper  
  20  1:45  Supply Depot  
  20  1:55  SCV  
  21  2:06  Reaper  
  21  2:08  SCV  
  23  2:16  Hellion  
  23  2:20  SCV  
  26  2:27  Command Center  
  26  2:34  Starport  
  26  2:38  SCV  
  27  2:45  Cyclone  
  27  2:48  Barracks Tech Lab  
  30  2:54  Supply Depot  
  30  2:58  SCV  
  31  3:16  SCV  
  31  3:18  Raven  
  34  3:28  SCV  
  35  3:39  Orbital Command  
  35  3:40  SCV  
  39  3:41  Factory Tech Lab, Barracks Reactor  
  33  3:52  SCV  
  30  4:04  SCV  
  30  4:07  SCV  
  30  4:09  Siege Tank  
  32  4:15  Viking  
  32  4:16  Bunker, SCV  
  35  4:19  Marine x2  
  37  4:27  Supply Depot  
  37  4:28  SCV  
  37  4:32  Orbital Command  
  37  4:37  Marine  
  39  4:40  SCV  
  39  4:41  Siege Tank  
  43  4:50  Marine  
  45  4:53  SCV  
  45  4:57  SCV  
  47  5:05  SCV  
  48  5:09  SCV  
  48  5:10  Banshee  
  48  5:11  Marine  
  51  5:17  SCV  
  44  5:21  SCV  
  38  5:29  SCV, Marine  
  34  5:38  Orbital Command  
  34  5:41  SCV  
  32  5:47  Marine  
  35  5:53  SCV  
Show
View Real Time Build Order
Export as new Build Order

TIME Terran - Winner!

Build Orders: Cyclone Opening 

Get SALT Encoding   

  12  0:00  SCV  
  13  0:13  SCV  
  14  0:17  Supply Depot  
  14  0:25  SCV  
  14  0:28  Refinery  
  15  0:38  SCV  
  16  0:44  Barracks  
  16  0:51  SCV  
  16  0:54  Refinery  
  17  1:03  SCV  
  18  1:15  SCV  
  19  1:31  Reaper, Orbital Command  
  20  1:34  Factory  
  20  1:42  Supply Depot  
  20  1:56  SCV  
  21  2:04  Barracks Reactor  
  21  2:09  SCV  
  22  2:17  Cyclone  
  25  2:28  Command Center  
  26  2:30  SCV  
  26  2:42  SCV, Supply Depot  
  27  2:55  Hellion x2  
  31  3:00  Barracks Tech Lab  
  31  3:03  SCV  
  32  3:16  Cyclone, SCV  
  32  3:17  Cyclone  
  39  3:20  Supply Depot  
  39  3:40  SCV  
  39  3:49  Cyclone x2  
  39  3:50  Orbital Command  
  45  4:08  SCV  
  39  4:18  SCV  
  39  4:21  Cyclone x2  
  39  4:23  SCV  
  47  4:29  Command Center  
  47  4:30  SCV  
  48  4:35  SCV  
  49  4:40  Refinery  
  49  4:41  Refinery  
  49  4:42  SCV  
  50  4:50  SCV  
  51  4:55  Cyclone x2  
  51  4:57  SCV  
  58  5:02  SCV  
  58  5:04  Supply Depot  
  59  5:09  SCV  
  60  5:14  SCV  
  60  5:21  SCV  
  56  5:26  SCV  
  56  5:27  Cyclone  
  60  5:33  Cyclone, SCV  
  61  5:36  Armory  
  61  5:37  Armory  
  61  5:39  SCV  
  60  5:50  SCV  
  60  5:52  SCV  
  60  5:55  Factory  
Tags
 
Add a new tag
Caveats
  • Supply blocks, unpowered buildings, or Contaminate may cause inaccurate times.
  • Supply counts are checked every 10 seconds.